 Dungeon Crawl Stone Soup version 0.20-a0-1109-ge3cd172 (webtiles) character file.

14 urechis the Cutter (level 2, 0/19 HPs)
             Began as a Kobold Berserker on Jan 10, 2016.
             Was a Follower of Trog.
             Slain by a rat (1 damage)
             ... on level 1 of the Dungeon on May 5, 2017.
             The game lasted 00:01:23 (858 turns).

urechis the Cutter (Kobold Berserker)                Turns: 858, Time: 00:01:24

Health: 0/19       AC:  4    Str: 15    XL:     2   Next: 55%
Magic:  2/2        EV: 15    Int:  5    God:    Trog [*.....]
Gold:   20         SH:  0    Dex: 15    Spells: 1/1 levels left

rFire    . . .     SeeInvis .   a - +0 short sword
rCold    . . .     Gourm    .   (shield restricted)
rNeg     . . .     Faith    .   b - +0 animal skin
rPois    .         Spirit   .   (no helmet)
rElec    .         Reflect  .   (no cloak)
rCorr    .         Harm     .   i - +1 pair of gloves
MR       .....                  (no boots)
Stlth    ++........             (no amulet)
Regen    0.1/turn               (no ring)
MPRegen  0.1/turn               (no ring)

@: no status effects
A: carnivore 3
a: Berserk, Burn Spellbooks, Renounce Religion


You were on level 1 of the Dungeon.
You worshipped Trog.
Trog was aware of your devotion.
You were not hungry.

You visited 1 branch of the dungeon, and saw 1 of its levels.

You collected 20 gold pieces.

Inventory:

Hand Weapons
 a - a +0 short sword (weapon)
Armour
 b - a +0 animal skin (worn)
 i - a +1 pair of gloves (worn)
Jewellery
 e - an uncursed ring of stealth {unknown}
Scrolls
 g - a scroll of teleportation {unknown}
Potions
 d - 2 potions of brilliance {unknown}
 f - a potion of invisibility {unknown}
 h - a potion of might {unknown}
Comestibles
 c - a meat ration


   Skills:
 - Level 3.2 Fighting
 - Level 4.0 Short Blades
 - Level 1.5 Armour
 - Level 2.4 Dodging
 + Level 3.0 Stealth


You had one spell level left.
You didn't know any spells.

Dungeon Overview and Level Annotations

Branches:
Dungeon (1/15)

Altars:


Innate Abilities, Weirdness & Mutations

You are small and have problems with some larger weapons.
You are carnivorous and can eat meat at any time.


Message History

The hobgoblin hits you with a club.
* * * LOW HITPOINT WARNING * * *
The jackal closely misses you. The jackal completely misses you.
The bat closely misses you. The jackal barely misses you. The rat bites you.
* * * LOW HITPOINT WARNING * * *
The jackal barely misses you. The jackal bites you.
* * * LOW HITPOINT WARNING * * *
The hobgoblin hits you but does no damage.
The jackal bites you.
* * * LOW HITPOINT WARNING * * *
The bat closely misses you.
The jackal bites you but does no damage.
The rat barely misses you.
The jackal bites you but does no damage.
The jackal barely misses you. The bat misses you.
The hobgoblin barely misses you. The bat barely misses you.
The jackal closely misses you. The jackal misses you. The rat bites you.
You die...

.........##.# #.....
......##.#
..#.......# #.##..
......#
###.#.......# #.##8#
......#
#...........#####
#..... ........
#...............#
#..#.. .#######
#...............#
#..#.. .#
#......b........#
#..#.. .#
#......h........#
#..#.. .#
#..g@h....... #.##8#
.### #..h.r†..###
#..#.. ...#######
#........# #.....
.#.......#
#........# #####.
.#.......#
#......### #.
.#.......# #......#
## .##......#
###.##.# .##......#
#.##.#
.####...#######.##.#


You could see 3 jackals, a hobgoblin, a bat and a rat.

Vanquished Creatures
  3 bats (D:1)
  2 goblins (D:1)
  3 hobgoblins (D:1)
  2 frilled lizards (D:1)
  A kobold (D:1)
  3 rats (D:1)
14 creatures vanquished.

Notes
Turn   | Place    | Note
-------+----------+-------------------------------------------
     0 | D:1      | urechis the Kobold Berserker began the quest for the Orb.
     0 | D:1      | Reached XP level 1. HP: 14/14 MP: 1/1
    56 | D:1      | Reached skill level 1 in Stealth
   435 | D:1      | Reached XP level 2. HP: 17/19 MP: 2/2
   815 | D:1      | Upgraded the game from 0.18-a0-1041-gbe91bf5 to 0.20-a0-1109-ge3cd172
   858 | D:1      | Slain by a rat

Vault maps used:
D:1:      scummos_arrival_simple_crosswalls

Skill      XL: |  1  2 |
---------------+-------+-----
Stealth        | 1 3 |  3.0
Fighting       | |  3.2
Short Blades   | |  4.0
Armour         | |  1.5
Dodging        | |  2.4

Action                   || total
-------------------------++-------
Melee: Short sword       ||    49
       Short sword       ||    11
 Stab: Sleeping          ||     1
       Distracted        ||     1
Armor: Animal skin       ||     9
Dodge: Dodged            ||    43
